 Dungeon Crawl Stone Soup version 0.17.2-1-ge4368a0 (webtiles) character file.

198087 rlgrobin the Warrior (level 17, -26/147 HPs)
             Began as a Mummy Monk on Apr 15, 2017.
             Killed by Shatter
             ... invoked by Jorgrun
              (67 damage)
             ... on level 1 of the Spider Nest.
             The game lasted 02:58:24 (78972 turns).

rlgrobin the Warrior (Mummy Monk)                  Turns: 78972, Time: 02:58:25

Health: -26/147    AC: 14    Str: 22      XL:     17   Next: 80%
Magic:  17/17      EV: 28    Int: 15      God:
Gold:   1681       SH: 15    Dex: 22 (24) Spells: 0 memorised, 16 levels left

rFire  . . .     SeeInvis .       - Unarmed
rCold  + + +     Clarity  .     (no armour)
rNeg   + + +     SustAt   .     B - +0 shield {Shield of the Coming Storm}
rPois  ∞         Gourm    .     D - +4 helmet of Depression {+Inv rC++ Stlth+, My Head}
rElec  +         Spirit   .     J - +2 cloak "Mehoxtaj" {rElec rF+ Str+2, The +8 Cloak of Duality [Cursed]}
rCorr  .         Warding  .     k - +2 pair of gloves {Hands of the Scribe}
rMut   .         Stasis   .     l - +2 pair of boots {Feet of the Priest}
MR     ++...                    j - amulet of faith {Amulet of the Five Thousand Believers}
Stlth  ++++......               F - ring "Zecuykh" {Str+5 Int+4 Dex+5, Jewel of Mastery {Sublime}}
                                P - +4 ring of evasion {Jewel of Grace {Major}}

@: about to teleport, very resistant to hostile enchantments, stealthy
A: no food or potions, fire vulnerability, cold resistance 1, negative energy
resistance 3, torment resistance, unbreathing, in touch with death 1, restore
body
a: Self-Restoration, Evoke Invisibility
}: 1/15 runes: gossamer


You were on level 1 of the Spider Nest.
You were not hungry.

You visited 6 branches of the dungeon, and saw 33 of its levels.
You visited the Abyss 1 time.
You also visited: Labyrinth, Bailey and Ice Cave.

You collected 3721 gold pieces.
You spent 2040 gold pieces at shops.


Innate Abilities, Weirdness & Mutations

You do not eat or drink.
Your flesh is vulnerable to fire.
You are immune to poison.
Your flesh is cold resistant.
You are immune to negative energy.
You are immune to unholy pain and torment.
You can survive without breathing.
You are in touch with the powers of death.
You can restore your body by infusing magical energy.


   Skills:
 - Level 17.3 Fighting
 + Level 12.0 Dodging
 - Level 5.0 Stealth
 - Level 15.0 Shields
 - Level 15.0 Unarmed Combat


You had 16 spell levels left.
You didn't know any spells.

Inventory:

Missiles
 c - 9 large rocks (quivered) {=f}
Armour
 k - a +2 pair of gloves (worn) {Hands of the Scribe}
 l - a +2 pair of boots (worn) {Feet of the Priest}
 m - the +2 helmet of Wobil {Dex+2, Cute Scalp}

   It affects your dexterity (+2).
 B - a +0 shield (worn) {Shield of the Coming Storm}
 D - the +4 helmet of Depression (worn) {+Inv rC++ Stlth+, My Head}

   It greatly protects you from cold.
   It lets you turn invisible.
   It makes you more stealthy.
 I - a troll hide {CRAAAWLING IN MY SKIIN}
 J - the +2 cloak "Mehoxtaj" (worn) {rElec rF+ Str+2, The +8 Cloak of Duality [Cursed]}

   It affects your strength (+2).
   It protects you from fire.
   It insulates you from electricity.
Jewellery
 j - an amulet of faith (around neck) {Amulet of the Five Thousand Believers}
 s - the ring of Ysiba {rF+++ Int+5, Ring of Happiness}

   [ring of intelligence]

   It affects your intelligence (+5).
   It renders you almost immune to fire.
 u - an uncursed ring of see invisible {Ring of Spider}
 F - the ring "Zecuykh" (right hand) {Str+5 Int+4 Dex+5, Jewel of Mastery {Sublime}}

   [ring of strength]

   It affects your strength (+5).
   It affects your intelligence (+4).
   It affects your dexterity (+5).
 G - an uncursed ring of stealth
 P - a +4 ring of evasion (left hand) {Jewel of Grace {Major}}
Scrolls
 a - 3 scrolls of magic mapping
 b - 9 scrolls of teleportation {@r4}
 d - 4 scrolls of enchant armour
 e - 7 scrolls of immolation {!r}
 f - 4 scrolls of random uselessness
 g - 4 scrolls of amnesia
 h - 4 scrolls of enchant weapon
 i - a scroll of vulnerability {!r}
 n - 9 scrolls of recharging
 p - 10 scrolls of remove curse
 q - a scroll of holy word {!r}
 r - 5 scrolls of noise {!r}
 t - 7 scrolls of identify {@r1}
 w - 2 scrolls of fog
 y - 2 scrolls of summoning
 C - 2 scrolls of blinking
Comestibles
 z - 43 fruits {Gift of Nature}
 A - 12 royal jellies {Mark of Royalty}

Dungeon Overview and Level Annotations

Branches:
Dungeon (15/15)            Temple (1/1) D:4            Lair (8/8) D:9
  Swamp (1/4) Lair:6       Spider (4/4) Lair:3        Slime (0/6) Lair:6
    Orc (4/4) D:10            Elf (0/3) Orc:3        Vaults (0/5) D:13
 Depths (0/5) D:15

Altars:
Ashenzari
Dithmenos
Elyvilon
Fedhas
Kikubaaqudgha
Makhleb
Nemelex Xobeh
Ru
Trog
Vehumet
Xom
Zin
The Shining One
Jiyva

Shops:
D:7 %   D:12 %%[[   D:13 !   D:15 =   Orc:1 **[   Orc:2 (

Portals:
Hell: Lair:8

Annotations:
D:9 exclusions: door and 1 more exclusion
D:10 exclusion: upstairs
D:12 WereVolvo's ghost, journeyman TrFi
Lair:1 Water
Lair:2 Water, exclusions: 2 electric eels and 5 more exclusions, Harold
Lair:3 World Wide Web
Lair:5 Odysseus!, Kirke
Lair:6 exclusion: downstairs
Spider:1 Jorgrun
Spider:2 Roxanne
Orc:1 1 exclusion
Orc:2 exclusion: downstairs
Orc:3 1 exclusion
Orc:4 Come back with MR!

▒.▒▒▒▒▒......▒......▒...▒ ▒.▒
▒..▒▒..g............▒ ▒▒▒
..▒▒▒^.▒^...^..........▒▒ ▒▒.▒▒
▒▒▒▒.......▒▒......▒..▒▒▒▒▒▒.▒.▒
▒...........▒.....▒▒.▒▒.....▒.▒▒
▒.▒▒............†....▒▒▒....▒.▒
..▒...............▒▒▒▒ ▒..▒..▒▒
.▒.▒...............▒ ▒▒....▒▒
.▒▒▒▒...........M▒▒▒▒▒▒.▒▒▒.▒ ▒▒
▒▒......▒......▒....▒▒.▒▒ ▒▒▒
▒▒..........(..▒▒^.▒▒▒.▒▒ ▒▒.▒
▒......▒.....≈..▒▒..▒.▒.▒ ▒...
▒.▒▒.....▒≈≈.≈≈▒....▒...▒▒▒▒.▒
▒▒.▒.....≈.▒≈..≈.≈≈≈≈....▒▒.▒▒
▒..▒▒...≈≈..▒▒▒▒≈≈≈≈..........
▒▒..▒▒..≈....▒▒.▒≈......▒.▒...
▒...▒....≈.....▒.≈....▒▒▒▒▒▒..


You could see Jorgrun.


Message History

Jorgrun shouts!!!
The orb spider weaves a glowing orb of energy!
You block the orb of destruction!
You squash the orb spider like an ant!!!
The orb spider is severely wounded!
You pulverise the orb spider!!!
You annihilate the orb spider!!!
Jorgrun gestures wildly while chanting!
The dungeon rumbles around Jorgrun!!!
You shudder from the earth-shattering force!
Ka-crash!!!
You take 36 damage, and have 89/147 hp!
MASSIVE DAMAGE!!!!!!
Here: Jorgrun, wielding a staff of earth and wearing a runed robe The floor!
Unknown command!
Jorgrun casts a spell!
The dungeon rumbles around Jorgrun!!!
You shudder from the earth-shattering force! * * * don't die
* * * Ka-crash!!!
You take 49 damage, and have 40/147 hp!
MASSIVE DAMAGE!!!!!!
Read which item? (? for menu, Esc to quit)
Okay, then!
Read which item? (? for menu, Esc to quit)
As you read the scroll of teleportation {@r4}, it crumbles to dust!
You feel strangely unstable!
Jorgrun casts a spell!
The dungeon rumbles around Jorgrun!!!
You shudder from the earth-shattering force! rip

Action                   |  1- 3 |  4- 6 |  7- 9 | 10-12 | 13-15 | 16-18 || total
-------------------------+-------+-------+-------+-------+-------+-------++-------
Melee: Unarmed           |   183 |   296 |   702 |  1494 |  3599 |  1885 ||  8159
  Use: Scroll            |       |       |    11 |     7 |    10 |     7 ||    35
 Stab: Sleeping          |     4 |     3 |     5 |    13 |    46 |     7 ||    78
       Distracted        |       |       |     2 |     4 |    10 |     8 ||    24
       Held in net/web   |       |       |       |     2 |     3 |       ||     5

Vault maps used:
D:1:      saegor_arrival_simple_e, nicolae_ashenzari_panopticon
D:3:      nemelex_xobeh_ov_fountains_minmay, ecumenical_altar_1
D:4:      minmay_temple_entry_statues_fountains
D:5:      kennysheep_big_flooded_room, gammafunk_temple_overflow_forgotten,
          first_bread, nicolae_tso_besieged_by_evil, uniq_duvessa
D:6:      grunt_tough_drop
D:7:      kennysheep_mini, serial_shops, shop, uniq_pikel
D:9:      nicolae_overflow_crystal_walls, zin_angel,
          grunt_dithmenos_smoke_and_mirrors, nicolae_overflow_hidden_temple,
          overflow_temple_1_default, david_lair_generic
D:10:     david_orc_4, enter_bailey_8
D:11:     lab_entry_generic, blue_anna_alchemist, eino_house_with_fridge
D:12:     serial_shops, shop, shop_statue, shop_statue, kennysheep_little_box
D:13:     grunt_vaults_entry_tiered, serial_shops, shop, kennysheep_flooded_box,
          lightli_wizard_tower, uniq_maurice
D:14:     kennysheep_pointless_box
D:15:     grunt_enter_depths_magical_seal, minmay_misc_feat_five, serial_shops,
          shop, minmay_misc_feat_pillars
Temple:   jpeg_temple_clearing_9
Lair:1:   grunt_megastairs_3, infiniplex_staircase_pool
Lair:2:   st_stairs_12, serial_bayou_lagoon_a, uniq_harold
Lair:3:   spider_nest_entry_web_field
Lair:4:   special_room, portal_ice_cave_entry_imps,
          nicolae_quartered_pool_super, grunt_megastairs_4
Lair:5:   grunt_forest_large_clearing_hut, uniq_kirke
Lair:6:   swamp_mist_pool, slime_altar_2, infiniplex_staircase_pool_2
Lair:7:   basic_altar, lemuel_fruit_tree
Lair:8:   evil_forest
Swamp:1:  hangedman_swamp_ruin_wall, st_swamp_ruins_4, uniq_josephine
Spider:1: uniq_nikola
Spider:2: uniq_jorgrun, uniq_roxanne, uniq_arachne
Spider:3: nicolae_spider_webs_and_nodes, nicolae_spider_nook
Spider:4: guppyfry_spider_rune
Orc:1:    basic_altar, serial_shops, shop, shop, shop, nicolae_orc_rich_vein,
          uniq_snorg
Orc:2:    serial_shops, nicolae_shop_crystal
Orc:3:    nicolae_orc_pool_cavern
Orc:4:    grunt_orc_community_town_hall, grunt_orc_community_big_house_1,
          grunt_orc_community_big_house_1, grunt_orc_community_house_2,
          grunt_orc_community_house_3, grunt_orc_community_house_3,
          grunt_orc_community_house_3, grunt_orc_community_house_1,
          serial_shops, shop
Lab:      labyrinth_hidden_loot, nicolae_lab_hexagon, nicolae_lab_t_cross,
          labyrinth_skeletal_remains, nicolae_lab_starburst
Bailey:   bailey_polearm_2, bailey
IceCv:    ice_cave_small_dragons

Notes
Turn   | Place    | Note
--------------------------------------------------------------
     0 | D:1      | rlgrobin the Mummy Monk began the quest for the Orb.
     0 | D:1      | Reached XP level 1. HP: 18/18 MP: 1/1
   530 | D:1      | Reached XP level 2. HP: 9/24 MP: 2/2
  1055 | D:1      | Reached skill level 4 in Unarmed Combat
  1340 | D:1      | Reached XP level 3. HP: 25/29 MP: 3/3
  1578 | D:1      | Found a shattered altar of Ashenzari.
  2992 | D:2      | Reached XP level 4. HP: 27/35 MP: 4/4
  3739 | D:3      | Found a sparkling altar of Nemelex Xobeh.
  4024 | D:3      | Reached skill level 5 in Unarmed Combat
  4255 | D:3      | Found a faded altar to an unknown god.
  5110 | D:4      | Noticed a hippogriff
  6026 | D:4      | Noticed an ogre
  6359 | D:4      | Reached XP level 5. HP: 35/41 MP: 5/5
  6507 | D:3      | Reached skill level 4 in Fighting
  6858 | D:3      | Found a faded altar to an unknown god.
  6991 | D:3      | Killed an ogre
  6991 | D:3      | Reached skill level 5 in Fighting
  6991 | D:3      | Reached XP level 6. HP: 30/51 MP: 6/6
  7775 | D:4      | Found a staircase to the Ecumenical Temple.
  7959 | Temple   | Entered the Ecumenical Temple
  7983 | D:5      | Entered Level 5 of the Dungeon
  7984 | D:5      | Noticed Duvessa
  8013 | D:5      | Killed Duvessa
  8013 | D:5      | Reached skill level 3 in Dodging
  8014 | D:5      | Noticed Dowan
  8323 | D:5      | Killed Dowan
  8604 | D:6      | Reached skill level 4 in Dodging
  8604 | D:6      | Reached XP level 7. HP: 10/56 MP: 7/7
  9827 | D:5      | Reached skill level 6 in Fighting
 10010 | D:5      | Found a sacrificial altar of Ru.
 10010 | D:5      | Found a blossoming altar of Fedhas.
 10011 | D:5      | Found a shimmering altar of Xom.
 10372 | D:5      | Found a glowing golden altar of the Shining One.
 10707 | D:4      | Reached XP level 8. HP: 49/64 MP: 8/8
 10832 | D:5      | Reached skill level 6 in Unarmed Combat
 12100 | D:1      | Found a shattered altar of Ashenzari.
 12506 | D:1      | Killed a hippogriff
 12506 | D:1      | Reached skill level 7 in Unarmed Combat
 12759 | D:5      | Found a sacrificial altar of Ru.
 12759 | D:5      | Found a blossoming altar of Fedhas.
 12760 | D:5      | Found a shimmering altar of Xom.
 13324 | D:6      | Reached skill level 8 in Unarmed Combat
 13989 | D:6      | Reached XP level 9. HP: 67/71 MP: 9/9
 14015 | D:5      | Reached skill level 7 in Fighting
 14450 | D:6      | Got a steaming helmet
 14682 | D:7      | Found Parriobi's Food Shop.
 14854 | D:7      | Identified the +2 helmet of Wobil {Dex+2} (You found it on level 6 of the Dungeon)
 14854 | D:7      | hm
 15203 | D:7      | Noticed Pikel
 15508 | D:6      | Killed Pikel
 15508 | D:6      | Reached skill level 8 in Fighting
 15717 | D:7      | Found a bloodstained altar of Trog.
 15791 | D:6      | Reached skill level 5 in Dodging
 16188 | D:8      | Reached skill level 6 in Dodging
 16554 | D:8      | Reached skill level 7 in Dodging
 16761 | D:9      | Found a staircase to the Lair.
 16762 | D:9      | Noticed an elephant
 17029 | D:9      | Reached XP level 10. HP: 82/82 MP: 10/10
 17084 | D:9      | Reached skill level 9 in Fighting
 17215 | D:9      | Found an ancient bone altar of Kikubaaqudgha.
 17290 | D:9      | Killed an elephant
 17578 | D:9      | Found a glowing golden altar of the Shining One.
 17635 | D:9      | Found a shadowy altar of Dithmenos.
 17661 | D:9      | Found a white marble altar of Elyvilon.
 18152 | D:9      | Noticed an angel
 18153 | D:9      | Found a glowing silver altar of Zin.
 18581 | Lair:1   | Entered Level 1 of the Lair of Beasts
 18900 | D:9      | Reached skill level 9 in Unarmed Combat
 19904 | Lair:1   | Reached skill level 10 in Fighting
 20752 | Lair:1   | Reached skill level 10 in Unarmed Combat
 20830 | Lair:1   | Reached XP level 11. HP: 90/90 MP: 11/11
 21316 | Lair:1   | Reached skill level 8 in Dodging
 23138 | Lair:1   | Reached skill level 2 in Stealth
 23657 | Lair:2   | Reached skill level 3 in Stealth
 23834 | Lair:2   | Noticed Harold
 24194 | Lair:2   | Reached skill level 4 in Stealth
 25235 | Lair:2   | Reached skill level 5 in Stealth
 25495 | Lair:2   | Reached skill level 9 in Dodging
 26115 | Lair:3   | Found a hole to the Spider Nest.
 26116 | Lair:3   | ok
 26422 | Lair:3   | Noticed an eight-headed hydra
 26774 | D:10     | Entered Level 10 of the Dungeon
 27190 | D:10     | Found a flagged portal.
 27290 | Bailey   | Entered a bailey
 27290 | Bailey   | Noticed WereVolvo's ghost (novice SpEn)
 27343 | Bailey   | Killed WereVolvo's ghost
 28382 | Bailey   | HP: 3/90 [orc warrior/bolt (10)]
 29406 | D:9      | Reached XP level 12. HP: 89/97 MP: 12/12
 29491 | D:9      | Reached skill level 11 in Unarmed Combat
 30115 | D:10     | Found a staircase to the Orcish Mines.
 30269 | Orc:1    | Entered Level 1 of the Orcish Mines
 30326 | Orc:1    | Noticed Snorg
 30554 | D:11     | Found a labyrinth entrance.
 30564 | Lab      | Entered a labyrinth
 30755 | Lab      | Noticed a minotaur
 31181 | Lab      | HP: 8/97 [minotaur (18)]
 33708 | D:11     | Reached skill level 12 in Unarmed Combat
 34423 | D:11     | Reached skill level 11 in Fighting
 34822 | D:12     | Found Uqon's Armour Boutique.
 34827 | D:12     | Bought the +2 cloak of Dithmenos's Approval {Str+2} for 411 gold pieces
 34832 | D:12     | Good shop
 34857 | D:12     | Found Fumeoman's Food Boutique.
 34863 | D:12     | Reached skill level 10 in Dodging
 35319 | D:12     | Found Tobavaem's Food Shoppe.
 36082 | D:12     | Got a fine cloak
 36083 | D:12     | Identified the +1 cloak of Music {rN+ MR- Int+4} (You found it on level 12 of the Dungeon)
 36105 | D:12     | Found Oreemias's Antique Armour Shop.
 36220 | D:12     | Noticed WereVolvo's ghost (journeyman TrFi)
 36903 | D:13     | Noticed Maurice
 37082 | D:12     | Gained mutation: You are in touch with the powers of death. [Mummy growth]
 37082 | D:12     | Gained mutation: You can restore your body by infusing magical energy. [Mummy growth]
 37082 | D:12     | Reached XP level 13. HP: 106/106 MP: 13/13
 37376 | D:13     | Reached skill level 12 in Fighting
 37730 | D:13     | Reached skill level 11 in Dodging
 37734 | D:13     | Noticed a vault guard
 37740 | D:13     | Noticed a vault guard
 37779 | D:12     | Killed a vault guard
 37917 | D:12     | Identified a scroll of acquirement
 38114 | D:12     | Killed a vault guard
 38205 | D:13     | Reached skill level 1 in Shields
 38252 | D:13     | Found a gate to the Vaults.
 38259 | D:13     | Got a spiked helmet
 38262 | D:13     | Identified the +4 helmet of Depression {+Inv rC++ Stlth+} (You found it on level 13 of the Dungeon)
 38263 | D:13     | It's my helmet
 38263 | D:13     | It fits me perfectly
 38386 | D:13     | Reached skill level 2 in Shields
 38714 | D:13     | Reached skill level 3 in Shields
 39238 | D:13     | Killed Maurice
 39238 | D:13     | Reached skill level 4 in Shields
 39925 | D:13     | Found Vouv's Distillery.
 40002 | D:13     | Reached skill level 5 in Shields
 40440 | D:13     | Reached skill level 6 in Shields
 40526 | D:13     | HP: 8/108 [orc warrior/flail (4)]
 41704 | D:14     | Reached skill level 7 in Shields
 41951 | D:14     | Got an ancient cloak
 41952 | D:14     | Identified the +2 cloak of the Wild Haggis {rElec rF+} (You acquired it on level 14 of the Dungeon)
 41953 | D:14     | Neeeeat
 42348 | Lair:3   | Noticed a seven-headed hydra
 42399 | Lair:3   | Killed a seven-headed hydra
 42399 | Lair:3   | Reached XP level 14. HP: 51/115 MP: 14/14
 43021 | Lair:3   | Killed an eight-headed hydra
 43021 | Lair:3   | Reached skill level 8 in Shields
 43562 | Lair:4   | Found a frozen archway.
 43576 | IceCv    | Entered an ice cave
 43876 | IceCv    | Noticed WereVolvo's ghost (journeyman TrBe)
 44577 | IceCv    | Killed WereVolvo's ghost
 44577 | IceCv    | Reached skill level 9 in Shields
 46408 | Lair:4   | Reached skill level 10 in Shields
 47154 | Lair:5   | Got a transparent bone ring
 47156 | Lair:5   | Identified the ring "Zecuykh" {Str+5 Int+4 Dex+5} (You found it on level 5 of the Lair of Beasts)
 47157 | Lair:5   | hahahaha
 47157 | Lair:5   | okay
 47365 | Lair:5   | Noticed Kirke
 47746 | Lair:6   | Found a staircase to the Swamp.
 47892 | Lair:6   | Found a runed door.
 47893 | Lair:6   | Found a viscous altar of Jiyva.
 48158 | Lair:6   | Found a staircase to the Slime Pits.
 48267 | Lair:6   | Reached skill level 11 in Shields
 49057 | Lair:7   | Found a sacrificial altar of Ru.
 50494 | Lair:8   | Entered Level 8 of the Lair of Beasts
 50854 | Lair:8   | Reached skill level 12 in Dodging
 51102 | Lair:8   | Reached XP level 15. HP: 117/120 MP: 15/15
 52489 | Lair:8   | Found a burning altar of Makhleb.
 53207 | Lair:8   | Reached skill level 13 in Unarmed Combat
 53426 | Lair:8   | Found a gateway to Hell.
 53449 | Lair:8   | I don't think I've ever found actually good loot at the end of the Hell vault but here it is
 53604 | Swamp:1  | Entered Level 1 of the Swamp
 53936 | Spider:1 | Entered Level 1 of the Spider Nest
 54253 | D:10     | Killed Snorg
 54254 | D:10     | GEEEEET FUCKED
 54508 | Orc:1    | Found Tozeifar's Antique Armour Boutique.
 54516 | Orc:1    | Found a radiant altar of Vehumet.
 54767 | Orc:1    | Found Futhumet's General Store.
 54807 | Orc:1    | Bought a scroll of blinking for 82 gold pieces
 54807 | Orc:1    | Bought a scroll of fear for 38 gold pieces
 54807 | Orc:1    | Bought a scroll of identify for 22 gold pieces
 54807 | Orc:1    | Bought a scroll of magic mapping for 38 gold pieces
 55108 | Orc:1    | Found Voudgh's Assorted Antiques.
 55122 | Orc:1    | Bought a dazzling cloak for 285 gold pieces
 55122 | Orc:1    | Identified the +2 cloak "Mehoxtaj" {rElec rF+ Str+2} (You bought it in a shop on level 1 of the Orcish Mines)
 55123 | Orc:1    | HAHA
 55123 | Orc:1    | IT JUST GETS FUCKING BETTER
 55684 | Orc:3    | Reached skill level 13 in Fighting
 55906 | Orc:2    | Found Qadd's Weapon Boutique.
 56352 | Orc:3    | Found a staircase to the Elven Halls.
 56642 | Orc:4    | Entered Level 4 of the Orcish Mines
 56756 | Orc:4    | Cast into the Abyss (an ogre mage)
 56757 | Abyss:1  | I can do this
 56757 | Abyss:1  | I CAN DO THIS
 56776 | Abyss:1  | Suck it
 56777 | Orc:4    | Escaped the Abyss
 56954 | D:15     | Entered Level 15 of the Dungeon
 57159 | D:15     | Reached skill level 14 in Fighting
 57212 | D:15     | Found Riemas's Jewellery Shop.
 57249 | D:15     | Bought the ring of Ysiba {rF+++ Int+5} for 1164 gold pieces
 57255 | D:15     | AFK
 58017 | D:15     | Reached skill level 15 in Fighting
 58322 | D:15     | Found a staircase to the Depths.
 58802 | D:7      | Killed a minotaur
 58802 | D:7      | Reached skill level 16 in Fighting
 59106 | D:5      | Found a sacrificial altar of Ru.
 59106 | D:5      | Found a blossoming altar of Fedhas.
 59107 | D:5      | Found a shimmering altar of Xom.
 60775 | D:12     | just how much is 2 pips of AC and 2 pips of EV
 61034 | Spider:1 | Noticed Nikola
 61035 | Spider:1 | Hmmm
 62012 | Spider:1 | Killed Nikola
 62012 | Spider:1 | Reached skill level 17 in Fighting
 62012 | Spider:1 | Reached XP level 16. HP: 118/141 MP: 16/16
 63912 | Spider:2 | Noticed Arachne
 64015 | Spider:2 | Noticed Roxanne
 64174 | Spider:2 | Killed Arachne
 64174 | Spider:2 | Reached skill level 14 in Unarmed Combat
 64685 | Spider:2 | Noticed Jorgrun
 66063 | Spider:2 | Reached skill level 12 in Shields
 67868 | Spider:1 | HP: 14/141 [Jorgrun/Lee's Rapid Deconstruction (5)]
 69028 | Spider:3 | Reached skill level 13 in Shields
 70489 | Spider:4 | Entered Level 4 of the Spider Nest
 70886 | Spider:3 | Reached XP level 17. HP: 47/147 MP: 17/17
 72855 | Spider:4 | Reached skill level 15 in Unarmed Combat
 75769 | Spider:4 | Reached skill level 14 in Shields
 77954 | Spider:4 | Got a gossamer rune of Zot
 78833 | Spider:1 | Reached skill level 15 in Shields
 78972 | Spider:1 | Killed from afar by Jorgrun

Vanquished Creatures
  Nikola (Spider:1)
  Arachne (Spider:2)
  10 emperor scorpions
  3 ghost moths
  2 vault guards (D:12)
  Snorg (D:10)
  A minotaur (D:7)
  The ghost of WereVolvo the Grappler, a journeyman TrBe of Trog (IceCv)
  2 centaur warriors (D:15)
  2 ice dragons (IceCv)
  4 hydras
  An anaconda (shapeshifter) (D:14)
  5 entropy weavers
  An alligator (Lair:6)
  2 death yaks
  A deep elf knight (D:12)
  A sun demon (Lair:8)
  4 wizards
  A fire crab (Lair:8)
  3 unseen horrors
  Pikel (D:6)
  7 hill giants
  4 necromancers
  4 griffons
  36 orb spiders
  2 deep elf conjurers
  2 orc sorcerers
  39 wolf spiders
  12 hornets
  A sixfirhy (Lair:8)
  8 ugly things
  A cyclops (shapeshifter) (D:13)
  9 elephants
  3 cyclopes
  7 black mambas
  Maurice (D:13)
  5 moths of wrath
  4 gargoyles
  17 spiny frogs
  2 ice statues (IceCv)
  A naga mage (D:15)
  4 torpor snails
  4 orange demons (Lair:8)
  The ghost of WereVolvo the Covert, a novice SpEn of Ashenzari (Bailey)
  9 fire drakes
  7 komodo dragons
  A hellwing (Lair:8)
  A queen bee (Lair:4)
  A red devil (Lair:8)
  A polar bear (Lair:8)
  25 demonic crawlers
  31 jumping spiders
  4 trolls
  4 blue devils (Lair:8)
  29 blink frogs
  2 boulder beetles
  20 slime creatures
  2 two-headed ogres
  24 tarantellas
  32 redbacks
  A vampire (D:15)
  63 yaks
  21 trapdoor spiders
  2 wyverns (D:13)
  4 deep elf magi
  20 humans
  3 basilisks
  A spriggan (Lair:5)
  5 hogs (Lair:5)
  A shadow (D:11)
  13 wolves
  12 hippogriffs
  A hungry ghost (D:7)
  2 soldier ants
  4 wargs
  4 vampire mosquitoes (D:12)
  14 porcupines
  Duvessa (D:5)
  A hell hound (Lair:8)
  44 spiders
  18 ice beasts
  14 water moccasins
  A phantom (D:7)
  7 sky beasts
  2 slaves (D:6)
  5 wasps
  12 ogres
  22 orc warriors
  2 eyes of draining
  22 centaurs
  23 crocodiles
  5 big kobolds
  19 giant frogs
  A necrophage (D:12)
  2 brain worms (D:13)
  Dowan (D:5)
  2 wyvern skeletons
  A wyvern zombie (D:15)
  31 killer bees
  5 scorpions
  12 wights
  5 electric eels
  4 crimson imps
  8 centaur zombies
  4 giant frog zombies
  An iron imp (D:5)
  21 orc priests
  10 hounds
  7 jellies
  2 yak simulacra (D:11)
  2 giant frog skeletons
  7 centaur skeletons
  31 orc wizards
  3 quasits
  6 iguanas
  12 worker ants
  A killer bee zombie (D:8)
  3 wolf simulacra (D:11)
  3 polar bear simulacra (D:11)
  16 sheep
  3 hound zombies
  3 worker ant zombies
  12 adders
  14 gnolls
  69 river rats
  6 shadow imps
  12 white imps (Lair:4)
  5 oozes
  An adder zombie (D:5)
  An adder skeleton (D:4)
  4 worms
  4 giant geckos
  163 orcs
  5 giant cockroaches
  11 goblins
  17 hobgoblins
  16 jackals
  4 quokkas
  2 ball pythons
  8 bats
  A giant gecko skeleton (D:6)
  A giant gecko zombie (D:6)
  5 giant newts
  3 goblin skeletons (D:5)
  A goblin zombie (D:5)
  23 kobolds
  A kobold skeleton (D:5)
  2 kobold zombies (D:5)
  2 orc skeletons (D:5)
  A quokka zombie (D:10)
  10 rats
  3 river rat simulacra (D:11)
  4 fungi (Lair:8)
1402 creatures vanquished.

Vanquished Creatures (others)
  An orb spider (Spider:4)
  A jumping spider (Spider:3)
  A trapdoor spider (Spider:4)
  2 slaves (D:7)
  A wasp (Spider:4)
  An iguana (Lair:4)
  A bush (Lair:8)
  50 fungi
  22 plants
80 creatures vanquished.

Grand Total: 1482 creatures vanquished
